Unix NetHack Version 5.0.0-0 post-release - last build Jul 11 2026 15:18:16 (a5a7a23833b1ad5d30b1c6e96a93a978492a6348,branch:main).

Game began 2026-07-13 23:19:15, ended 2026-07-13 23:35:42.

BeardyHaddock, neutral male gnomish Archeologist

                                                                        --
                                                                        |.`
                                                                   --   |.-
                                                                  --.----.|
                                                                  |...|*..|
                                                                  |.......---
                                                            ---------.h.....|
                                                            |...%...).).).^.|
                                                            -. -----.)...)..--
                                                                   --...@<...--
                                                                    --.......`|
                                                                     --%----.--
                                                                      ---  ---
BeardyHaddock the Digger   St:13 Dx:11 Co:12 In:17 Wi:14 Ch:8  Neutral
Dlvl:3  $:49 HP:18(18) Pw:6(6) AC:9  Xp:2 T:993 

Latest messages:
 The throwing star misses the gas spore.
 The little dog picks up a throwing star.
 In what direction? 6
 The throwing star hits the gas spore.
 You have no ammunition readied.
 What do you want to fire? [$aj or ?*] ?
 You ready: j - 7 darts.
 In what direction? 6
 The dart hits the gas spore.
 Click!  The little dog triggers something.
 The boulder hits the little dog.
 You kill the giant rat!
 In what direction? 6
 The dart hits the gas spore.
 You kill the giant rat!
 Welcome to experience level 2.
 You see here a giant rat corpse.
 In what direction? 6
 The dart hits the gas spore.
 In what direction? 6
 You kill the gas spore!
 Boom!
 You kill it!
 You hear the rumble of distant thunder...
 You hear crashing rock.
 You see here a dart.
 You see here a throwing star.
 You swap places with the peaceful dwarf.
 You see here 2 violet gems.
 x - 2 violet gems.
 What do you want to use or apply? [ae-it or ?*] g
 What do you want to rub on the stone? [$wx or ?*] x
 x - 2 worthless pieces of violet glass.
 What do you want to use or apply? [ae-it or ?*] g
 What do you want to rub on the stone? [$w or ?*] w
 w - 2 turquoise stones.
 You see here a dart.
 You swap places with the peaceful dwarf.
 You see here a throwing star.
 You see here a throwing star.
 You see here a throwing star.
 You see here a throwing star.
 #quitg: unknown extended command.
 In what direction? <del>
 Really quit without saving? [yn] (n) y
 Do you want your possessions identified? [ynq] (y) n
 Do you want to see your attributes? [ynq] (y) n
 Do you want an account of creatures vanquished? [ynaq] (y) n
 Do you want to see your conduct and achievements? [ynq] (y) n
 Do you want to see the dungeon overview? [ynq] (y) n

Inventory:
 Coins    ('$')
  $ - 49 gold pieces
 Amulets  ('"')
  k - an uncursed amulet of guarding
 Weapons  (')')
  j - 3 +0 darts (at the ready)
  a - a +2 bullwhip (alternate weapon; not wielded)
 Armor    ('[')
  c - an uncursed +0 fedora (being worn)
  r - a cursed -2 helm of opposite alignment
  b - an uncursed +0 leather jacket (being worn)
 Comestibles  ('%')
  d - 5 uncursed food rations
  q - an uncursed lembas wafer
  n - an uncursed pancake
 Scrolls  ('?')
  o - a blessed scroll of confuse monster
  l - an uncursed scroll of confuse monster
  m - an uncursed scroll of enchant armor
 Potions  ('!')
  t - an uncursed potion of oil
  u - an uncursed potion of water
 Tools    ('(')
  h - an empty uncursed sack
  i - an uncursed oil lamp
  e - a +0 pick-axe (weapon in right hand)
  f - a tinning kit (0:89)
 Gems/Stones  ('*')
  w - 2 uncursed turquoise stones
  x - 2 uncursed worthless pieces of violet glass
  g - an uncursed touchstone

BeardyHaddock the Archeologist's attributes:

Background:
 You were a Digger, a level 2 male gnomish Archeologist.
 You were neutral, on a mission for Camaxtli
 who was opposed by Quetzalcoatl (lawful) and Huhetotl (chaotic).
 You were right-handed.
 You were in the Gnomish Mines, on level 3.
 You entered the dungeon 993 turns ago.
 It was nighttime.
 You had 39 experience points, 1 more was needed to attain level 3.

Basics:
 You had all 18 hit points.
 You had all 6 energy points (spell power).
 Your armor class was 9.
 Your wallet contained 49 zorkmids.
 Autopickup was off.

Final Characteristics:
 Your strength was 13 (limit:18/50).
 Your dexterity was 11 (limit:18).
 Your constitution was 12 (limit:18).
 Your intelligence was 17 (limit:19).
 Your wisdom was 14 (limit:18).
 Your charisma was 8 (limit:18).

Final Status:
 You weren't hungry.
 You were unencumbered.
 You were wielding a pick-axe.
 You had basic skill with pick-axe.

Final Attributes:
 You had transgressed.
 You had automatic searching.
 You had infravision.
 You survived.

Miscellaneous:
 You didn't encounter any bones levels.
 Total elapsed playing time was 16 minutes and 27 seconds.

Major events:
 Turn
    1: BeardyHaddock the neutral male gnomish Archeologist entered the dungeon
  926: entered the Gnomish Mines
  993: quit

You didn't know any spells.

Skills:
 Fighting Skills
   bare handed combat [Unskilled]
   two weapon combat  [Unskilled]
   riding             [Unskilled]
 Weapon Skills
   dagger             [Unskilled]
   knife              [Unskilled]
   pick-axe           [Basic]
   short sword        [Unskilled]
   saber              [Unskilled]
   club               [Unskilled]
   quarterstaff       [Unskilled]
   sling              [Unskilled]
   dart               [Unskilled]
   boomerang          [Unskilled]
   whip               [Basic]
   unicorn horn       [Unskilled]
 Spellcasting Skills
   attack spells      [Unskilled]
   healing spells     [Unskilled]
   divination spells  [Unskilled]
   matter spells      [Unskilled]

Voluntary challenges:
 Character rerolling was not enabled.
 You were an atheist.
 You never genocided any monsters.
 You never polymorphed an object.
 You never changed form.
 You used no wishes.
Achievement:
 You entered the Gnomish Mines.

 The Dungeons of Doom: levels 1 to 3
    Level 1:
       A fountain, a sink.
    Level 2:
       A fountain, a sink.
       Stairs down to The Gnomish Mines.
    Level 3:
 The Gnomish Mines:
    Level 3: <- You were here.


Vanquished creatures:
  a shrieker
  a little dog
  2 coyotes
  a gas spore
  2 giant rats
  2 yellow molds
  2 geckos
  2 jackals
  a goblin
  6 grid bugs
  a lichen
  a kobold zombie
  4 newts
26 creatures vanquished.

No species were genocided or became extinct.

Goodbye BeardyHaddock the Archeologist...

You quit in The Gnomish Mines on dungeon level 3 with 315 points,
and 49 pieces of gold, after 993 moves.
You were level 2 with a maximum of 18 hit points when you quit.

